Match 35140910
Unlisted

Match 35140910
End
Construct Barracks
Selects Special Operations Battlegroup
Riflemen Squad
Selects M29 Weasel Recon Vehicle
M29 Weasel Recon Vehicle
Riflemen Squad
Grenade Package
Infantry Support Center
Construct Motor Pool
Selects Smoke Screen
M24 Chaffee Light Tank
M24 Chaffee Light Tank
Engineer Squad
M24 Chaffee Light Tank
Smoke Screen
M24 Chaffee Light Tank
Dahlian
Bish Bash Bosh
Jackson
Mace
s73r01d
Turbe
Carius
★彡ỆĿḄỆḦÏŔÏ彡★
0
0

Comments sign in to comment!

No comments posted yet!